 Dungeon Crawl Stone Soup version 0.31-a0-507-gbafd7f5274 (webtiles) character file.

Game seed: 11882562380011638057

34626 ytrimaz the Brawler (level 13, -2/131 HPs)
             Began as a Troll Shapeshifter on Aug 9, 2023.
             Was a High Priest of Okawaru.
             Killed by divine providence
             ... invoked by Saint Roka
              (14 damage)
             ... on level 2 of the Orcish Mines.
             The game lasted 00:18:06 (12187 turns).

ytrimaz the Brawler (Troll Shapeshifter)           Turns: 12187, Time: 00:18:06

Health: -2/131     AC:  9    Str: 26    XL:     13   Next: 43%
Magic:  10/17      EV: 19    Int:  4    God:    Okawaru [*****.]
Gold:   2139       SH:  0    Dex: 10    Spells: 12/12 levels left

rFire   . .          .
                       - Unarmed
rCold   + + .        (no shield)
rNeg    + . .        D - +0 acid dragon scales
rPois   +            (helmet currently unavailable)
rElec   .            (cloak currently unavailable)
rCorr   +            (gloves unavailable)
SInv    .            (boots unavailable)
Will    .....        e - amulet of regeneration
Stlth   ++           k - +5 ring of evasion
HPRegen 2.01/turn    F - ring "Gymun" {rPois rC++ rN+ rCorr Str-4}
MPRegen 0.15/turn

%: no passive effects
@: beast-form, heroic, finesse-ful
A: beast (slay +4), large, unfitting armour, claws 3, regeneration 1, shaggy fur
1, tough skin 1
a: Begin Untransformation, Renounce Religion, Heroism, Finesse, Duel


You were on level 2 of the Orcish Mines.
You worshipped Okawaru.
Okawaru was extremely pleased with you.
You were a hulking beast.
You visited 2 branches of the dungeon, and saw 15 of its levels.
You also visited: Bailey.

You collected 2242 gold pieces.
You spent 103 gold pieces at shops.


Innate Abilities, Weirdness & Mutations

You are a hulking beast.
Your limbs bulge with bestial killing power. (Slay +4)
You are too large for most types of armour.
You have claws for hands.
Your natural rate of healing is unusually fast.
You are covered in fur. (AC +1)
You have tough skin. (AC +1)


   Skills:
 + Level 9.0(14.0) Fighting
 + Level 9.2(14.2) Dodging
 - Level 15.0(20.0) Unarmed Combat
 - Level 7.0 Invocations
 - Level 10.4 Shapeshifting


You had 12 spell levels left.
You didn't know any spells.
Your spell library contained the following spells:

 Spells                   Type           Power      Damage    Failure   Level
 Apportation              Tloc           0%         N/A       56%         1
 Foxfire                  Conj/Fire      0%         2x1d4     56%         1
 Necrotise                Necr           0%         1d4       56%         1
 Sting                    Tmut/Pois      0%         1d3       56%         1
 Poisonous Vapours        Pois/Air       0%         N/A       71%         2
 Ignite Poison            Fire/Tmut/Pois 0%         N/A       90%         3
 Olgreb's Toxic Radiance  Pois           0%         N/A       100%        4
 Passage of Golubria      Tloc           0%         N/A       100%        4
 Sticky Flame             Conj/Fire      0%         2d3       100%        4
 Yara's Violent Unravell  Hex/Tmut       0%         3d3       100%        5
 Plasma Beam              Fire/Air       0%         2x1d10    100%        6
 Starburst                Conj/Fire      0%         6d3       100%        6
 Ignition                 Fire           0%         3d3       100%        8
 Summon Small Mammal      Summ           Unusable   N/A       N/A         1
 Tukima's Dance           Hex            Unusable   N/A       N/A         3

Inventory:

Armour
 a - a +0 animal skin
 D - +0 acid dragon scales (worn)
   (You found it on level 8 of the Dungeon)
 I - the +1 hat "Heissit" {Int+4}
   (Okawaru gifted it to you on level 13 of the Dungeon)

   Int+4:     It affects your intelligence (+4).
Jewellery
 b - an amulet of reflection
   (You found it in a bailey)
 e - an amulet of regeneration (around neck)
   (You found it on level 1 of the Dungeon)
 f - a +6 ring of strength
   (You found it on level 3 of the Dungeon)
 k - a +5 ring of evasion (left claw)
   (You found it on level 1 of the Dungeon)
 y - a ring of see invisible
   (You found it on level 6 of the Dungeon)
 F - the ring "Gymun" (right claw) {rPois rC++ rN+ rCorr Str-4}
   (You found it on level 12 of the Dungeon)

   [ring of resist corrosion]

   Str-4:     It affects your strength (-4).
   rC++:      It greatly protects you from cold.
   rPois:     It protects you from poison rN+: It protects you from negative
   energy.
   rCorr:     It protects you from acid and corrosion.
 K - a ring of positive energy
   (You found it on level 13 of the Dungeon)
 L - a ring of protection from cold
   (You found it on level 13 of the Dungeon)
Talismans
 c - a beast talisman (active)
 d - a flux talisman
 m - a blade talisman
   (You found it on level 10 of the Dungeon)
 x - a serpent talisman
   (You found it on level 4 of the Dungeon)
Wands
 C - a wand of quicksilver (9)
   (You found it on level 7 of the Dungeon)
 G - a wand of flame (12)
   (You took it off a centaur on level 12 of the Dungeon)
Scrolls
 g - 2 scrolls of silence
 i - a scroll of noise
 n - 4 scrolls of enchant armour
 o - 3 scrolls of vulnerability
 s - a scroll of poison
 t - 2 scrolls of brand weapon
 v - 2 scrolls of enchant weapon
 A - a scroll of torment
 B - 2 scrolls of fear
 H - a scroll of teleportation
Potions
 h - 3 potions of brilliance
 j - 3 potions of attraction
 l - a potion of enlightenment {unknown}
 p - 3 potions of cancellation
 q - 2 potions of curing
 r - a potion of degeneration {unknown}
 u - 3 potions of berserk rage
 w - a potion of lignification
 z - a potion of haste {unknown}
 E - 2 potions of resistance
 M - a potion of magic

Dungeon Overview and Level Annotations

Branches:
Dungeon (13/15) Zot: 25935  Temple (0/1) D:5            Lair (0/5) D:8
    Orc (2/2) D:12 Zot: 11216     Elf (0/3) Orc:2        Bailey (visited)
 Vaults: D:13-14

Altars:
Cheibriados
Elyvilon
Gozag
Kikubaaqudgha
Okawaru

Shops:
D:3 *:[*   D:6 =   D:9 :   Orc:2 (

Annotations:
D:13 2 transporters, Anupeecu's ghost, journeyman DsMo
Orc:2 Saint Roka

......#.............###..........
.................#.#..#..........
....#.....#...#.###..............
...........###...###......._.....
.#..#...........###..............
...............###...............
..........oo..###..............))
....#########.To##.##.#.......#).
..### #### ###oh#####.........<.
≈## ≈≈≈≈≈ #### ##.......... ≈#
≈≈≈≈≈ ##......... ≈# ≈§≈≈≈≈
##........ ≈≈###8.§≈≈....
#........ ###.........8.
#........ #...)..§..... #####....
#))≈§≈...≈≈§ ####. ∩.#####..≈# ##


You could see Saint Roka (strong), an orc knight (strong), a troll and 2 orcs.


Message History

The warg attacks as you move away! The warg bites you but does no damage.
The warg attacks as you move away! The warg bites you!
The warg attacks as you move away! The warg misses you. 😕 HP[-11]
You take 11 damage, and now have 120/131 hp.
The warg attacks as you move away! The warg bites you but does no damage.
The warg attacks as you move away! The warg closely misses you.
The warg barely misses you. 😕 HP[+3]
You regained 3 hp, and now have 123/131 hp.
The warg attacks as you move away! The warg barely misses you.
The warg attacks as you move away! The warg misses you. 😕 HP[+2]
You regained 2 hp, and now have 125/131 hp.
The warg attacks as you move away! The warg completely misses you.
The warg barely misses you. 😕 HP[+2]
You regained 2 hp, and now have 127/131 hp.
The warg closely misses you. 😕 HP[+2]
You regained 2 hp, and now have 129/131 hp.
The warg attacks as you move away! The warg barely misses you. 😎 HP[+2]
Your hp is fully restored (131).
The warg attacks as you move away! The warg barely misses you.
The warg closely misses you. The warg misses you. x2
Saint Roka roars a battlecry!
The orc goes into a battle-frenzy!
The warg barely misses you. The warg bites you! 😕 HP[-12]
You take 12 damage, and now have 119/131 hp.
You mangle the warg!! The warg closely misses you. The warg bites you!
Saint Roka roars a battlecry! 😕 HP[-7]
You take 7 damage, and now have 112/131 hp.
You mangle the warg!!
You kill the warg!
Okawaru accepts your kill. The warg closely misses you. 😕 HP[+2]
You regained 2 hp, and now have 114/131 hp.
Unknown command.
The warg closely misses you. 😕 HP[+2]
You regained 2 hp, and now have 116/131 hp.
You mangle the orc!!
You kill the orc!
Okawaru accepts your kill. The warg bites you! 😕 HP[-13]
You take 13 damage, and now have 103/131 hp.
The warg completely misses you.
The orc knight roars a battlecry!
Saint Roka goes into a battle-frenzy!
You hear a shout!
Things that are here:
a +0 short sword; a +0 chain mail; an orc corpse 😕 HP[+2]
You regained 2 hp, and now have 105/131 hp.
You closely miss the warg. You claw the warg!! The warg bites you! 😮 HP[-8]
You take 8 damage, and now have 97/131 hp.
You eviscerate the warg!!!
You kill the warg!
Okawaru accepts your kill. 😕 HP[+2]
You regained 2 hp, and now have 99/131 hp.
The orc knight roars a battlecry! 😕 HP[+2]
You regained 2 hp, and now have 101/131 hp.
Unknown command.
Saint Roka attacks as you move away!
Saint Roka hits you with a +0 war axe!!!
* * * LOW HITPOINT WARNING * * *
😨 HP[-41]
You take 41 damage, and now have 60/131 hp.
MASSIVE DAMAGE!! (PAUSE)
You gain the combat prowess of a mighty hero.
Saint Roka closely misses you. 😨 HP[+2] MP[-2]
You regained 2 hp, and now have 62/131 hp.
You lost 2 mp, and now have 15/17 mp.
Unknown command.
You can now deal lightning-fast blows.
The orc wizard casts a spell.
The orc wizard flickers and vanishes!
Saint Roka hits you with a +0 war axe!!!
* * * LOW HITPOINT WARNING * * *
😱 HP[-47] MP[-5]
You take 47 damage, and now have 15/131 hp.
MASSIVE DAMAGE!! (PAUSE)
You lost 5 mp, and now have 10/17 mp.
You mangle Saint Roka!! You claw Saint Roka.
The orc hits you with a +0 hand axe.
* * * LOW HITPOINT WARNING * * *
Saint Roka calls down the wrath of Beogh upon you.
Beogh smites you!
You die...

Skill      XL: |  1  2  3  4  5  6  7  8  9 10 11 12 13 |
---------------+----------------------------------------+-----
Unarmed Combat | 4 5 6 7 9 11 14 15 | 15.0
Shapeshifting  | 4 5 6 7 9 10 | 10.4
Fighting       | 2 6 8 9 |  9.0
Dodging        | 3 6 8 9 |  9.2
Invocations    | 2 6 7 |  7.0

Action                     |  1- 3 |  4- 6 |  7- 9 | 10-12 | 13-15 || total
---------------------------+-------+-------+-------+-------+-------++-------
  Melee: Unarmed           |    78 |   119 |   182 |   465 |   130 ||   974
         Punch             |       |     4 |     8 |    43 |    18 ||    73
 Invoke: Heroism           |       |       |       |     4 |     2 ||     6
         Finesse           |       |       |       |     1 |     1 ||     2
  Evoke: Wand              |       |       |       |     1 |       ||     1
    Use: Scroll            |     1 |     9 |     7 |    12 |     1 ||    30
         Potion            |       |     1 |       |     6 |       ||     7
   Stab: Distracted        |       |       |     1 |       |       ||     1
 Armour: Animal skin       |    20 |    20 |    33 |     5 |       ||    78
         Skin              |       |     9 |    13 |    20 |       ||    42
         Acid dragon scale |       |       |       |    70 |    59 ||   129
  Dodge: Dodged            |    33 |    93 |   103 |   326 |   235 ||   790
   Form: Beast             |       |     1 |       |     1 |       ||     2
         Anaconda          |       |     1 |       |       |       ||     1
         Blade             |       |       |       |     1 |       ||     1

Levels and vault maps discovered:
D:1:      nzn_arrival_water_spiral, layout_basic, minivault_5,
          minmay_split_cup_small
D:2:      layout_loops_corners, minmay_misc_feat_alley
D:3:      layout_basic, kennysheep_slug_shrine, serial_shops,
          nicolae_shop_scrapyard, shop, shop, shop,
          ebering_ecumenical_altar_rust
D:4:      layout_loops_ring, grunt_decor_clamped, kennysheep_generic_room_15
D:5:      layout_rooms, minmay_temple_entry_slanted, minmay_holes, uniq_grinder
D:6:      minmay_skewed_foursquare, layout_basic, elyvilon_altar_1,
          mainiacjoe_overflow_concentric_impassable, serial_shops, shop,
          uniq_blork_the_orc
D:7:      layout_basic, enter_bailey_4, chequers_serial_rivers_small_b
D:8:      layout_loops_ring, mainiacjoe_overflow_alcove_2, erik_lair_dragon
D:9:      layout_irregular_city, serial_demonic, serial_demonic_f,
          serial_demonic_f, serial_demonic_g, serial_demonic_d,
          serial_demonic_a, serial_demonic_d, serial_demonic_e,
          nicolae_shop_i_like_small_books_too, uniq_joseph, uniq_erica
D:10:     layout_irregular_city, tgw_kikubaaqudgha
D:11:     minmay_the_grid_four_pointed_star_mashed
          [minmay_the_grid_triangle_9x9_corruption,
          minmay_the_grid_triangle_9x9_intruding_spiral,
          minmay_the_grid_triangle_9x9_sparse_checkered,
          minmay_the_grid_triangle_9x9_negative_grid,
          minmay_the_grid_prize_shrinking_boxes], layout_basic,
          nicolae_two_hexagons, minivault_19, nicolae_twisty_statue_hallways
D:12:     layout_big_octagon, david_orc_5, uniq_josephine, uniq_fannar,
          uniq_nessos, uniq_frances
D:13:     minmay_spotlight, layout_basic, gammafunk_ghost_berserking_beasts,
          serial_aquarium, aquarium_bridge_long_separate
          [aquarium_subvault_bridge, aquarium_subvault_wall,
          aquarium_subvault_wall, aquarium_subvault_wall,
          aquarium_subvault_bridge, aquarium_subvault_bridge],
          aquarium_bridge_straight [aquarium_subvault_bridge,
          aquarium_subvault_window, aquarium_subvault_bridge,
          aquarium_subvault_window], aquarium_window_1, aquarium_window_fake,
          aquarium_view_2d, aquarium_view_2a, aquarium_balcony_3b,
          aquarium_pool_S, nicolae_lava_and_water, uniq_jorgrun
Orc:1:    layout_diamond_mine
Orc:2:    kennysheep_orc_mage_school, layout_caves, special_room, mines2_david,
          uniq_saint_roka

Notes
Turn   | Place    | Note
-------+----------+-------------------------------------------
     0 | D:1      | ytrimaz the Troll Shapeshifter began the quest for the Orb.
     0 | D:1      | Reached XP level 1. HP: 18/18 MP: 0/0
     0 | D:1      | magus.rc [v1.9.6]
   101 | D:1      | Reached XP level 2. HP: 26/26 MP: 1/1
   497 | D:1      | You add the spells Sting, Poisonous Vapours and Olgreb's
                  | Toxic Radiance to your library.
   673 | D:1      | Reached XP level 3. HP: 32/32 MP: 2/2
  1055 | D:2      | Identified a scroll of acquirement
  1055 | D:2      | Acquired a manual of Unarmed Combat
  1063 | D:2      | Reached skill level 4 in Unarmed Combat
  1070 | D:2      | Reached XP level 4. HP: 39/40 MP: 3/3
  1428 | D:2      | Reached skill level 4 in Shapeshifting
  1670 | D:3      | Found a snail-covered altar of Cheibriados.
  1689 | D:3      | Found Orchiem's General Store.
  1697 | D:3      | Bought a scroll of identify for 28 gold pieces
  1716 | D:3      | Reached skill level 5 in Unarmed Combat
  1804 | D:3      | Reached XP level 5. HP: 46/46 MP: 4/4
  1825 | D:3      | Found Wyjerou's Book Shoppe.
  1892 | D:3      | Found Puuskuut's Armour Shoppe.
  2046 | D:3      | Found a faded altar of an unknown god.
  2303 | D:3      | Found Onest's General Store.
  2317 | D:3      | Bought a scroll of blinking for 75 gold pieces
  2573 | D:4      | Noticed a phantom
  2578 | D:4      | Killed a phantom
  2579 | D:4      | Reached skill level 6 in Unarmed Combat
  2579 | D:4      | Reached XP level 6. HP: 54/54 MP: 5/5
  3175 | D:5      | Entered Level 5 of the Dungeon
  3186 | D:5      | Reached skill level 7 in Unarmed Combat
  3186 | D:5      | Reached skill level 5 in Shapeshifting
  3195 | D:5      | HP: 12/54 [gnoll/+0 club (8)]
  3201 | D:5      | Reached XP level 7. HP: 17/61 MP: 6/6
  3201 | D:5      | HP: 17/91 [bullfrog (2)]
  3207 | D:5      | Reached skill level 8 in Unarmed Combat
  3321 | D:5      | Reached skill level 9 in Unarmed Combat
  3321 | D:5      | Reached skill level 6 in Shapeshifting
  3374 | D:5      | Found a staircase to the Ecumenical Temple.
  3464 | D:5      | Reached XP level 8. HP: 61/68 MP: 7/7
  3480 | D:5      | Noticed Grinder
  3483 | D:5      | Paralysed by Grinder for 4 turns
  3488 | D:5      | Killed Grinder
  3489 | D:5      | Reached skill level 10 in Unarmed Combat
  3510 | D:5      | You fall into a shaft and drop 1 floor!
  3512 | D:6      | Noticed Blork the orc
  3517 | D:6      | Killed Blork the orc
  3523 | D:6      | Found a white marble altar of Elyvilon.
  3627 | D:6      | Reached skill level 7 in Shapeshifting
  3662 | D:6      | Reached skill level 11 in Unarmed Combat
  3834 | D:6      | Reached XP level 9. HP: 52/75 MP: 8/8
  3836 | D:6      | Reached skill level 12 in Unarmed Combat
  3903 | D:6      | Reached skill level 8 in Shapeshifting
  4007 | D:6      | Found Ris Kadd's Jewellery Boutique.
  4093 | D:6      | Found an opulent altar of Gozag.
  4097 | D:6      | You pick up a book of Cantrips and begin reading...
  4097 | D:6      | You add the spells Necrotise, Summon Small Mammal and
                  | Apportation to your library.
  4362 | D:7      | Reached skill level 13 in Unarmed Combat
  4428 | D:7      | Found a flagged portal.
  4444 | Bailey   | Entered a bailey
  4528 | Bailey   | Noticed an orc knight
  4549 | Bailey   | Killed an orc knight
  4550 | Bailey   | Reached skill level 14 in Unarmed Combat
  4550 | Bailey   | Reached skill level 9 in Shapeshifting
  4605 | Bailey   | Reached XP level 10. HP: 63/83 MP: 9/9
  4664 | Bailey   | Noticed an orc warlord
  4698 | Bailey   | HP: 28/124 [orc warrior/+0 war axe (8)]
  4699 | Bailey   | Killed an orc warlord
  4837 | Bailey   | Acquired 730 gold pieces
  5690 | D:8      | Reached skill level 10 in Shapeshifting
  5867 | D:8      | You add the spells Tukima's Dance, Passage of Golubria and
                  | Yara's Violent Unravelling to your library.
  5957 | D:8      | Reached skill level 15 in Unarmed Combat
  6149 | D:8      | Reached skill level 1 in Fighting
  6149 | D:8      | Reached skill level 2 in Dodging
  6208 | D:8      | Reached skill level 2 in Fighting
  6215 | D:8      | Reached skill level 3 in Dodging
  6215 | D:8      | Reached XP level 11. HP: 94/94 MP: 10/10
  6235 | D:8      | Found a staircase to the Lair.
  6457 | D:8      | Noticed a two-headed ogre
  6462 | D:8      | Killed a two-headed ogre
  6683 | D:8      | Found an iron altar of Okawaru.
  6693 | D:8      | Became a worshipper of Warmaster Okawaru
  6756 | D:9      | Reached skill level 3 in Fighting
  6840 | D:9      | Noticed a soul eater
  6853 | D:9      | Killed a soul eater
  6853 | D:9      | Reached * piety under Okawaru
  6854 | D:9      | Reached skill level 4 in Dodging
  6932 | D:9      | Noticed Joseph
  6957 | D:9      | Killed Joseph
  6958 | D:9      | Reached skill level 4 in Fighting
  6998 | D:9      | Noticed Erica
  7008 | D:9      | Noticed a soul eater
  7020 | D:9      | Killed a soul eater
  7025 | D:9      | Killed Erica
  7025 | D:9      | Reached ** piety under Okawaru
  7026 | D:9      | Reached skill level 5 in Dodging
  7107 | D:9      | Identified the +1 robe of Devotion {rElec rF+ Dex-4}
  7203 | D:9      | Found Visystro's Tiny Tomes.
  7268 | D:9      | Reached skill level 5 in Fighting
  7319 | D:9      | You add the spells Ignite Poison, Sticky Flame and Ignition
                  | to your library.
  7350 | D:9      | HP: 14/104 [red devil/+0 trident (24)]
  7361 | D:9      | HP: 24/104 [barbs]
  7579 | D:9      | Reached *** piety under Okawaru
  7580 | D:9      | Reached skill level 6 in Dodging
  7673 | D:10     | Entered Level 10 of the Dungeon
  7838 | D:10     | Noticed a two-headed ogre
  7848 | D:10     | Killed a two-headed ogre
  7849 | D:10     | Reached skill level 6 in Fighting
  7849 | D:10     | Reached skill level 1 in Invocations
  7954 | D:10     | Found an ancient bone altar of Kikubaaqudgha.
  8521 | D:11     | Noticed a boulder beetle
  8536 | D:11     | Killed a boulder beetle
  8537 | D:11     | Reached skill level 2 in Invocations
  8537 | D:11     | Reached XP level 12. HP: 100/114 MP: 12/12
  8592 | D:11     | Noticed a boulder beetle
  8598 | D:11     | Killed a boulder beetle
  8598 | D:11     | Reached **** piety under Okawaru
  8832 | D:11     | Reached skill level 3 in Invocations
  8845 | D:11     | Noticed a centaur warrior
  8853 | D:11     | HP: 24/115 [centaur warrior/arrow (21)]
  8859 | D:11     | HP: 17/115 [centaur warrior (6)]
  8861 | D:11     | Killed a centaur warrior
  8862 | D:11     | Reached skill level 7 in Dodging
  8930 | D:11     | You pick up a book of Fire and begin reading...
  8930 | D:11     | You add the spells Foxfire, Plasma Beam and Starburst to
                  | your library.
  8935 | D:11     | Noticed a four-headed hydra
  8957 | D:11     | Killed a seven-headed hydra
  9003 | D:11     | Noticed a boulder beetle
  9017 | D:11     | Killed a boulder beetle
  9018 | D:11     | Reached skill level 7 in Fighting
  9018 | D:11     | Reached skill level 4 in Invocations
  9336 | D:11     | Reached ***** piety under Okawaru
  9459 | D:11     | Identified the +1 short sword of Yeast {venom, Will+}
  9459 | D:11     | Identified the staff of Anguish {rC+ Str+2 Int+2 Conj}
  9554 | D:12     | Noticed Fannar
  9663 | D:12     | Killed Fannar
  9753 | D:12     | Noticed Josephine
  9767 | D:12     | Noticed Nessos
  9770 | D:11     | HP: 19/106 [Josephine/ghostly fireball (24)]
  9771 | D:11     | Killed Josephine
  9775 | D:11     | HP: 16/113 [something (11)]
  9780 | D:11     | HP: 22/113 [something (1)]
  9787 | D:11     | HP: 36/169 [something (1)]
  9788 | D:11     | HP: 17/169 [something (22)]
  9790 | D:11     | Reached skill level 5 in Invocations
  9872 | D:12     | Identified the ring "Gymun" {rPois rC++ rN+ rCorr Str-4}
 10004 | D:12     | Found a staircase to the Orcish Mines.
 10036 | D:12     | Killed Nessos
 10037 | D:12     | Reached skill level 8 in Dodging
 10095 | D:12     | Noticed Frances
 10168 | D:12     | Killed Frances
 10169 | D:12     | Reached skill level 8 in Fighting
 10304 | D:13     | Noticed a centaur warrior
 10304 | D:13     | Found a transporter.
 10306 | D:13     | Noticed Anupeecu's ghost (journeyman DsMo)
 10308 | D:13     | Killed a centaur warrior
 10308 | D:13     | Identified the +1 hat "Heissit" {Int+4} (Okawaru gifted it
                  | to you on level 13 of the Dungeon)
 10308 | D:13     | Received a gift from Okawaru
 10318 | D:13     | Reached skill level 6 in Invocations
 10318 | D:13     | Reached XP level 13. HP: 109/127 MP: 16/16
 10355 | D:13     | Noticed Jorgrun
 10366 | D:13     | Killed Jorgrun
 10592 | D:13     | HP: 20/128 [something (24)]
 10707 | D:13     | Found a transporter.
 11382 | Orc:1    | Entered Level 1 of the Orcish Mines
 11566 | Orc:2    | Entered Level 2 of the Orcish Mines
 11711 | Orc:2    | Reached skill level 9 in Dodging
 11711 | Orc:2    | Reached skill level 7 in Invocations
 11784 | Orc:2    | Found Wuebuism's Antique Weapon Emporium.
 11885 | Orc:2    | Reached skill level 9 in Fighting
 12116 | Orc:2    | Found a staircase to the Elven Halls.
 12127 | Orc:2    | Noticed Saint Roka
 12186 | Orc:2    | HP: 15/131 [Saint Roka/+0 war axe (49)]
 12187 | Orc:2    | Killed from afar by Saint Roka

Vanquished Creatures
  Jorgrun (D:13)
  Frances (D:12)
  An orc warlord (Bailey)
  Nessos (D:12)
  Josephine (D:11)
  Fannar (D:12)
  A hydra (D:11)
  Erica (D:9)
  3 boulder beetles (D:11)
  3 centaur warriors
  3 two-headed ogres
  A tengu warrior (D:13)
  An orc high priest (Orc:2)
  2 soul eaters (D:9)
  3 skeletal warriors (D:13)
  2 orc knights
  2 orc sorcerers (Orc:2)
  2 cyclopes (D:11)
  Joseph (D:9)
  2 rust devils (D:9)
  A kobold demonologist (D:11)
  3 komodo dragons
  An ice devil (D:9)
  7 trolls
  4 red devils (D:9)
  2 hellwings (D:9)
  Grinder (D:5)
  A hornet (D:9)
  A shadow (D:13)
  A water elemental (D:13)
  2 vampires
  5 wyverns
  3 basilisks
  5 wraiths (D:12)
  2 vampire mosquitoes (D:12)
  3 wargs
  4 water moccasins
  3 acid dragons
  2 black bears
  29 orc warriors
  A meliai simulacrum (D:11)
  3 ice beasts
  8 ogres
  3 phantoms
  5 centaurs
  6 bullfrogs
  A kobold brigand (D:9)
  Blork the orc (D:6)
  3 scorpions
  A gnoll sergeant (D:10)
  An electric eel (D:13)
  7 howler monkeys
  2 quasits (D:9)
  2 hounds
  2 jellies
  A gnoll bouda (D:6)
  14 orc priests
  6 iguanas
  3 sleepcaps
  16 orc wizards
  11 adders
  26 gnolls
  2 shadow imps
  A white imp (D:6)
  An ufetubus (D:5)
  5 worms
  5 dart slugs
  74 orcs
  9 bats
  7 endoplasms
  A giant cockroach (D:1)
  16 goblins
  12 hobgoblins
  7 jackals (D:2)
  7 kobolds
  6 quokkas
  7 ball pythons
  4 frilled lizards
  2 rats
402 creatures vanquished.

Vanquished Creatures (collateral kills)
  A gnoll (Bailey)
  2 orcs (Bailey)
  A goblin (Bailey)
4 creatures vanquished.

Vanquished Creatures (others)
  A human (D:10)
1 creature vanquished.

Grand Total: 407 creatures vanquished

Table legend:
 A = Non-vault XP
 B = Vault XP
 C = Vault XP percentage of total XP
 D = Non-vault monster count
 E = Vault monster count
 F = Vault count percentage of total count
                 A         B        C        D         E       F
            +---------+---------+-------+---------+---------+-------
      Total |   21667 |   27800 |  56.2 |     268 |     138 |  34.0
            +---------+---------+-------+---------+---------+-------
        D:1 |      39 |       4 |   9.3 |      22 |       3 |  12.0
        D:2 |     106 |       0 |   0.0 |      27 |       0 |   0.0
        D:3 |     116 |       4 |   3.3 |      20 |       1 |   4.8
        D:4 |     273 |       3 |   1.1 |      16 |       1 |   5.9
        D:5 |     924 |     277 |  23.1 |      19 |       1 |   5.0
        D:6 |    1505 |     315 |  17.3 |      29 |       5 |  14.7
        D:7 |    1313 |      14 |   1.1 |      17 |       5 |  22.7
        D:8 |    2534 |    1457 |  36.5 |      28 |       6 |  17.6
        D:9 |    1071 |    6061 |  85.0 |      17 |      15 |  46.9
       D:10 |    1586 |       0 |   0.0 |      20 |       0 |   0.0
       D:11 |    4079 |    5802 |  58.7 |      14 |      17 |  54.8
       D:12 |    1065 |    5150 |  82.9 |       8 |      22 |  73.3
       D:13 |    4115 |    3834 |  48.2 |       9 |       4 |  30.8
      Orc:1 |    1573 |     151 |   8.8 |      13 |       7 |  35.0
      Orc:2 |    1368 |    1698 |  55.4 |       9 |      13 |  59.1
     Bailey |       0 |    3030 | 100.0 |       0 |      38 | 100.0
            +---------+---------+-------+---------+---------+-------

Skill      XL: |  1  2  3  4  5  6  7  8  9 10 11 12 13 |
---------------+----------------------------------------+-----
Unarmed Combat | 4 5 6 7 9 11 14 15 | 15.0
Shapeshifting  | 4 5 6 7 9 10 | 10.4
Fighting       | 2 6 8 9 |  9.0
Dodging        | 3 6 8 9 |  9.2
Invocations    | 2 6 7 |  7.0

Action                     |  1- 3 |  4- 6 |  7- 9 | 10-12 | 13-15 || total
---------------------------+-------+-------+-------+-------+-------++-------
  Melee: Unarmed           |    78 |   119 |   182 |   465 |   130 ||   974
         Punch             |       |     4 |     8 |    43 |    18 ||    73
 Invoke: Heroism           |       |       |       |     4 |     2 ||     6
         Finesse           |       |       |       |     1 |     1 ||     2
  Evoke: Wand              |       |       |       |     1 |       ||     1
    Use: Scroll            |     1 |     9 |     7 |    12 |     1 ||    30
         Potion            |       |     1 |       |     6 |       ||     7
   Stab: Distracted        |       |       |     1 |       |       ||     1
 Armour: Animal skin       |    20 |    20 |    33 |     5 |       ||    78
         Skin              |       |     9 |    13 |    20 |       ||    42
         Acid dragon scale |       |       |       |    70 |    59 ||   129
  Dodge: Dodged            |    33 |    93 |   103 |   326 |   235 ||   790
   Form: Beast             |       |     1 |       |     1 |       ||     2
         Anaconda          |       |     1 |       |       |       ||     1
         Blade             |       |       |       |     1 |       ||     1

Illustrated notes

Table legend:
 A = Kills in this place as a percentage of kills in the entire game.
 B = Kills by you in this place as a percentage of kills by you in the entire game.
 C = Kills by friends in this place as a percentage of kills by friends in the entire game.
 D = Other kills in this place as a percentage of other kills in the entire game.
 E = Experience gained in this place as a percentage of experience gained in the entire game.
 F = Experience gained in this place divided by the number of levels of this place that you have seen.
                   A       B       C       D       E      F
               +-------+-------+-------+-------+-------+----------------------
         Total | 100.0 | 100.0 | 100.0 |   N/A | 100.0 | 3091.7
       Dungeon |  80.3 |  81.1 |   0.0 |   N/A |  84.2 | 3203.6
  Orcish Mines |  10.3 |  10.4 |   0.0 |   N/A |   9.7 | 2395.0
        Bailey |   9.4 |   8.5 | 100.0 |   N/A |   6.1 | 3030.0
               +-------+-------+-------+-------+-------+----------------------

Table legend: (Time is in decaauts)
 A = Elapsed time spent in this place.
 B = Non-inter-level travel time spent in this place.
 C = Inter-level travel time spent in this place.
 D = Time resting spent in this place.
 E = Time spent auto-exploring this place.
 F = Levels seen in this place.
 G = Mean time per level.
                   A        B        C        D        E       F      G
               +--------+--------+--------+--------+--------+-----+--------+
         Total |  11994 |  11680 |    314 |    393 |   8685 |  16 |  749.6 |
       Dungeon |  10762 |  10448 |    314 |    224 |   8128 |  13 |  827.8 |
  Orcish Mines |    783 |    783 |      0 |     73 |    437 |   2 |  391.5 |
        Bailey |    448 |    448 |      0 |     96 |    120 |   1 |  448.0 |
               +--------+--------+--------+--------+--------+-----+--------+

Top non-repeatable levels by time:
    D:11: 1369 daAuts
     D:8: 1034 daAuts
    D:13: 1016 daAuts
     D:9: 920 daAuts
     D:3: 888 daAuts
     D:7: 866 daAuts
     D:2: 802 daAuts
     D:6: 794 daAuts
     D:1: 771 daAuts
    D:10: 739 daAuts
     D:4: 694 daAuts
    D:12: 536 daAuts
   Orc:2: 487 daAuts
  Bailey: 448 daAuts
     D:5: 326 daAuts
